 Dungeon Crawl Stone Soup version 0.31-a0-152-g6aa68a64a1 (webtiles) character file.

Game seed: 7709677168603373775

60 qw the Shooter (level 3, -1/31 HPs)
             Began as a Minotaur Hunter on June 9, 2023.
             Slain by a hobgoblin (3 damage)
             ... led by Robin
             ... on level 2 of the Dungeon.
             The game lasted 00:00:31 (1345 turns).

qw the Shooter (Minotaur Hunter)                    Turns: 1345, Time: 00:00:31

Health: -1/31      AC:  3    Str: 15    XL:     3   Next: 80%
Magic:  2/2        EV: 12    Int:  6    God:
Gold:   123        SH:  0    Dex: 15    Spells: 2/2 levels left

rFire   . . .        Y - +0 shortbow
rCold   . . .        (shield currently unavailable)
rNeg    . . .        c - +0 leather armour
rPois   .            (helmet restricted)
rElec   .            (no cloak)
rCorr   .            (no gloves)
SInv    .            (no boots)
Will    .....        (no amulet)
Stlth   +            (no ring)
HPRegen 0.25/turn    (no ring)
MPRegen 0.08/turn

%: no passive effects
@: no status effects
A: horns 2, retaliatory headbutt
a: no special abilities


You were on level 2 of the Dungeon.
You visited 1 branch of the dungeon, and saw 2 of its levels.

You collected 123 gold pieces.


Innate Abilities, Weirdness & Mutations

You have a pair of horns on your head.
You reflexively headbutt those who attack you in melee.


   Skills:
 - Level 3.0 Fighting
 + Level 5.8 Ranged Weapons
 - Level 2.1 Dodging
 - Level 0.7 Stealth


You had 2 spell levels left.
You didn't know any spells.
Your spell library was empty.

Inventory:

Hand Weapons
 Y - a +0 shortbow (weapon)
Armour
 c - a +0 leather armour (worn)
Jewellery
 h - a ring of ice
Scrolls
 a - 2 scrolls of identify
 g - a scroll of vulnerability {unknown}
Potions
 b - a potion of lignification {unknown}
 d - a potion of brilliance {unknown}
 e - a potion of heal wounds {unknown}
 f - a potion of degeneration {unknown}

Dungeon Overview and Level Annotations

Branches:
Dungeon (2/15)

Altars:

Annotations:
D:2 Robin


Message History

You shoot an arrow. The arrow hits the goblin!
You kill the goblin!
The hobgoblin hits you but does no damage.
A goblin comes into view. It is wielding a +0 club.
You shoot an arrow. The goblin shouts!
The arrow hits the hobgoblin.
The hobgoblin is heavily wounded.
The hobgoblin closely misses you.
Robin of the Strong Arm comes into view.
They are wielding a +0 trident.
The hobgoblin hits you but does no damage.
You shoot an arrow.
Robin shouts!
The arrow hits the hobgoblin but does no damage.
The hobgoblin is heavily wounded.
The hobgoblin hits you.
You shoot an arrow. The arrow hits the hobgoblin!
You kill the hobgoblin!
Robin roars a battlecry!
The goblins go into a battle-frenzy!
The hobgoblin barely misses you. You furiously retaliate!
You headbutt the hobgoblin. You shoot an arrow.
The arrow hits the hobgoblin but does no damage.
The hobgoblin is moderately wounded.
The hobgoblin completely misses you.
A goblin comes into view. It is wielding a +0 dagger.
You shoot an arrow. The arrow hits the hobgoblin.
The hobgoblin is heavily wounded.
You shoot an arrow.
The arrow hits the hobgoblin but does no damage.
The hobgoblin is heavily wounded.
The goblin hits you with a +0 club. The hobgoblin hits you.
You shoot an arrow.
The arrow hits the hobgoblin but does no damage.
The hobgoblin is heavily wounded.
The goblin barely misses you. The hobgoblin completely misses you.
Robin barely misses you. The goblin hits you with a +0 club.
The hobgoblin hits you.
You die...

####.### #.#.# # #...#
#.#.# # ###.# #.#.####
# #.# #.#....# # #.#
#.#.##.# #
####'###.####%##
###........#.....#
..'........#.....###.#
###........####g@)...#
####'#+#+#.#...g)#####
.....#.#.#.#.##.g.
####.#...#.# ...g#
........<#.# #.....
####.#..##.# .......
#.#......#......#
#.#.....##.<>#...
#.#......#


You could see Robin, a hobgoblin (strong) and 2 goblins.

Vanquished Creatures
  An adder (D:2)
  A dart slug (D:1)
  4 endoplasms
  A giant cockroach (D:2)
  9 goblins
  7 hobgoblins
  2 jackals (D:2)
  3 quokkas
  4 ball pythons
  5 bats
  4 frilled lizards
  2 rats
43 creatures vanquished.

Notes
Turn   | Place    | Note
-------+----------+-------------------------------------------
     0 | D:1      | qw the Minotaur Hunter began the quest for the Orb.
     0 | D:1      | Reached XP level 1. HP: 18/18 MP: 0/0
     0 | D:1      | 0 ||| qw: Version: 0.2-a-121-gba3a3e5
     0 | D:1      | 0 ||| qw: Game counter: 3183
     0 | D:1      | 0 ||| qw: Always use a shield: true
     0 | D:1      | 0 ||| qw: God list: Okawaru
     0 | D:1      | 0 ||| qw: Allow faded altars: false
     0 | D:1      | 0 ||| qw: Do Orc after D:15 true
     0 | D:1      | 0 ||| qw: Do second Lair branch before Depths: true
     0 | D:1      | 0 ||| qw: Lair rune preference: random
     0 | D:1      | 0 ||| qw: Plans: Normal
     0 | D:1      | 0 ||| PLANNING D:1-11
   142 | D:1      | Reached XP level 2. HP: 25/25 MP: 1/1
   179 | D:1      | Reached skill level 5 in Ranged Weapons
   497 | D:1      | Reached skill level 3 in Fighting
   736 | D:1      | 736 ||| READING 2 scrolls labelled REIMOE NYZUKEL.
   737 | D:1      | 737 ||| READING scroll labelled OJU CAGOZIHAU.
   738 | D:1      | 738 ||| READING scroll labelled QERCHU GUUBUCYAX.
   743 | D:1      | 743 ||| READING scroll labelled PISIRE FIUDU.
   744 | D:1      | 744 ||| READING scroll labelled GAIKKO VAWAT.
   745 | D:1      | 745 ||| DROPPING scroll of butterflies.
   834 | D:2      | Reached XP level 3. HP: 30/31 MP: 2/2
  1339 | D:2      | Noticed Robin
  1344 | D:2      | HP: 4/31 [hobgoblin[Robin] (6)]
  1345 | D:2      | Slain by a hobgoblin

Levels and vault maps discovered:
D:1:      psy_arrival_basics, layout_basic, minmay_misc_feat_square,
          minmay_pentomino_v4
D:2:      layout_basic, uniq_robin

Skill      XL: |  1  2 |
---------------+-------+-----
Ranged Weapons | 5 |  5.8
Fighting       | 3 |  3.0
Dodging        | |  2.1
Stealth        | |  0.7

Action                     || total
---------------------------++-------
   Fire: Shortbow          ||   122
    Use: Scroll            ||     5
 Armour: Leather armour    ||    16
  Dodge: Dodged            ||    55

Table legend:
 A = Non-vault XP
 B = Vault XP
 C = Vault XP percentage of total XP
 D = Non-vault monster count
 E = Vault monster count
 F = Vault count percentage of total count
                 A         B        C        D         E       F
            +---------+---------+-------+---------+---------+-------
      Total |      62 |      24 |  27.9 |      31 |      12 |  27.9
            +---------+---------+-------+---------+---------+-------
        D:1 |      28 |       6 |  17.6 |      16 |       3 |  15.8
        D:2 |      34 |      18 |  34.6 |      15 |       9 |  37.5
            +---------+---------+-------+---------+---------+-------
